 Dungeon Crawl Stone Soup version 0.25.1-8-g42b30a86e7 (webtiles) character file.

Game seed: 11044094304643311688

9286 hawla the Destroyer (level 11, -11/94 HPs)
             Began as a Black Draconian Conjurer on Dec 10, 2020.
             Was a Believer of Vehumet.
             Mangled by a phantasmal warrior (22 damage)
             ... led by a death knight
             ... on level 11 of the Dungeon on Dec 11, 2020.
             The game lasted 00:42:20 (15352 turns).

hawla the Destroyer (Black Draconian Conjurer)     Turns: 15352, Time: 00:42:20

Health: -11/94     AC: 12    Str: 11    XL:     11   Next: 21%
Magic:  5/20       EV: 12    Int: 24    God:    Vehumet [**....]
Gold:   586        SH:  5    Dex: 12    Spells: 3/22 levels left

rFire    . . .     SeeInvis .   o - +0 quarterstaff
rCold    . . .     Gourm    .   (shield currently unavailable)
rNeg     . . .     Faith    .   (armour unavailable)
rPois    .         Spirit   .   (helmet restricted)
rElec    +         Reflect  +   g - scarf {repulsion}
rCorr    .         Harm     .   (no gloves)
MR       .....                  k - +0 pair of boots
Stlth    ++........             f - amulet of reflection
HPRegen  0.25/turn              h - +6 ring of intelligence
MPRegen  0.17/turn              E - +4 ring of protection

@: mighty, vulnerable, slowed, repel missiles, very slow
A: breathe lightning, unfitting armour, electricity resistance, cold-blooded, AC
+7
a: Breathe Lightning, Renounce Religion


You were on level 11 of the Dungeon.
You worshipped Vehumet.
Vehumet was pleased with you.
You were not hungry.

You visited 2 branches of the dungeon, and saw 12 of its levels.

You collected 586 gold pieces.

Inventory:

Hand Weapons
 o - a +0 quarterstaff (weapon)
Missiles
 a - 41 poisoned darts (quivered)
 z - 26 boomerangs
 G - 5 boomerangs of dispersal
Armour
 d - a +0 cloak
 g - a scarf of repulsion (worn)
 k - a +0 pair of boots (worn)
Jewellery
 f - an amulet of reflection (around neck)
 h - a +6 ring of intelligence (left hand)
 l - an uncursed ring of positive energy
 v - an uncursed ring of protection from cold
 E - a +4 ring of protection (right hand)
Wands
 i - a wand of flame (34)
 n - a wand of paralysis (16)
 A - a wand of clouds (6)
 C - a wand of random effects (13)
 D - a wand of iceblast (4)
Scrolls
 q - 4 scrolls of remove curse
 r - 3 scrolls of enchant weapon
 w - 4 scrolls of fog
 x - a scroll of amnesia
 y - a scroll of fear
 F - a scroll of identify
Potions
 c - 2 potions of cancellation
 e - 4 potions of curing
 j - a potion of heal wounds
 m - a potion of brilliance
 s - 2 potions of stabbing
 t - a potion of invisibility
 B - 2 potions of berserk rage
Comestibles
 b - 20 rations
 p - 3 chunks of flesh


   Skills:
 - Level 8.2 Fighting
 - Level 1.7 Dodging
 - Level 1.7 Stealth
 * Level 6.4 Spellcasting
 - Level 8.5 Conjurations
 + Level 5.3 Hexes
 - Level 8.1 Translocations
 * Level 7.1 Ice Magic


You had 3 spell levels left.
You knew the following spells:

 Your Spells              Type           Power        Failure   Level  Hunger
a - Magic Dart            Conj           ####         1%          1    None
b - Searing Ray           Conj           #####.       1%          2    None
c - Iskenderun's Mystic   Conj/Tloc      #####...     2%          4    ###....
d - Metabolic Englaciati  Hex/Ice        #####.....   17%         5    #####..
e - Frozen Ramparts       Ice            #####.       1%          3    None
f - Hailstorm             Conj/Ice       #####...     3%          4    ###....

Your spell library contained the following spells:

 Spells                   Type           Power        Failure   Level  Hunger
 Sandblast                Erth           #.....       8%          1    None
 Corona                   Hex            ####...      1%          1    None
 Freeze                   Ice            ####         1%          1    None
 Ensorcelled Hibernation  Hex/Ice        #####.       1%          2    None
 Dazzling Flash           Conj/Hex       #####.       1%          3    None
 Gell's Gravitas          Tloc           #####.....   1%          3    None
 Confusing Touch          Hex            ####....     2%          3    None
 Tukima's Dance           Hex            ####....     2%          3    None
 Ozocubu's Armour         Chrm/Ice       ###.....     5%          3    None
 Fulminant Prism          Conj/Hex       #####.....   4%          4    ###....
 Summon Ice Beast         Ice/Summ       ###.....     19%         4    ###....
 Yara's Violent Unravell  Hex/Tmut       ###.......   56%         5    #####..
 Petrify                  Tmut/Erth      #.......     58%         4    ###....


Dungeon Overview and Level Annotations

Branches:
Dungeon (11/15)            Temple (1/1) D:7            Lair (0/6) D:11
    Orc (0/2) D:10

Altars:
Ashenzari
Dithmenos
Elyvilon
Fedhas
Gozag
Kikubaaqudgha
Makhleb
Nemelex Xobeh
Okawaru
Qazlal
Ru
Sif Muna
Trog
Vehumet
Wu Jian
Xom
Yredelemnul
The Shining One

Shops:
D:11 %

Annotations:
D:8 2 runed translucent doors, growler's ghost, novice MfTm
D:10 Nergalle


Innate Abilities, Weirdness & Mutations

You can breathe wild blasts of lightning.
Your glossy black scales are hard. (AC +7)
You cannot fit into any form of body armour.
You are resistant to electric shocks. (rElec)
You are cold-blooded and may be slowed by cold attacks.


Message History

The freezing wraith barely misses you. The freezing wraith hits you.
The wraith hits you! The wraith drains your vigour!
You feel yourself slow down. The phantasmal warrior hits you!!
Your magical defenses are stripped away!
You feel much better. The freezing wraith hits you.
The freezing wraith freezes you!!
You feel as though you will be slow longer.
The freezing wraith hits you. The freezing wraith drains your vigour!
You feel as though you will be slow longer.
The wraith barely misses you.
The phantasmal warrior closely misses you.
You block the freezing wraith's attack. The freezing wraith hits you.
The freezing wraith drains your vigour!
You feel as though you will be slow longer.
The phantasmal warrior closely misses you.
The freezing wraith hits you. The freezing wraith freezes you!!
You feel as though you will be slow longer.
* * * LOW HITPOINT WARNING * * *
You block the freezing wraith's attack. The phantasmal warrior hits you!!
You die...

+#### #########
......##+########........
......#..................
......pW.................
#.@..............#'
##W..............#.
###..P.P.####......#. #≈≈∩
##....PP.P...#......#. #≈≈≈≈
#P.PPP.PP..P.#).....#. #.≈≈≈
##..P.P...PPP.#).....#. #...#
#..P...P...PP........#.
#...#####.PPP.####P.P......<.#.
#..........P.P#.>#...........#.


You could see a death knight (reflects damage), a phantasmal warrior and a
freezing wraith.

Vanquished Creatures
  A centaur warrior (D:8)
  A two-headed ogre (D:11)
  A hydra (D:11)
  A gargoyle (D:10)
  A troll (D:9)
  A hornet (D:8)
  5 hippogriffs
  Prince Ribbit (D:9)
  A spriggan (D:8)
  A wyvern (D:11)
  A steam dragon (D:9)
  3 hungry ghosts
  A porcupine (D:11)
  7 orc warriors
  A sky beast (D:9)
  A black bear (D:11)
  6 ogres
  A necrophage (D:7)
  4 centaurs
  A crocodile (D:11)
  3 bullfrogs
  A gnoll sergeant (D:6)
  3 scorpions
  2 electric eels (D:10)
  5 wights (D:11)
  5 crimson imps
  A bullfrog zombie (D:7)
  2 centaur zombies
  7 hounds
  3 jellies
  5 orc priests
  A gnoll shaman (D:5)
  A centaur skeleton (D:5)
  4 iguanas
  10 orc wizards
  8 worker ants
  A hound zombie (D:8)
  A worker ant zombie (D:10)
  A howler monkey zombie (D:7)
  15 adders
  14 gnolls
  An adder skeleton (D:6)
  2 worms
  2 dart slugs
  4 leopard geckos
  43 orcs
  4 ball pythons
  4 giant cockroaches
  8 goblins
  12 hobgoblins
  7 jackals
  A quokka (D:8)
  A ball python skeleton (D:6)
  10 bats
  6 frilled lizards
  4 kobolds
  A leopard gecko skeleton (D:6)
  A leopard gecko zombie (D:9)
  12 rats
256 creatures vanquished.

Vanquished Creatures (others)
  A giant cockroach (D:6)
  3 fungi (D:11)
  A plant (D:11)
5 creatures vanquished.

Grand Total: 261 creatures vanquished

Notes
Turn   | Place    | Note
-------+----------+-------------------------------------------
     0 | D:1      | hawla the Draconian Conjurer began the quest for the Orb.
     0 | D:1      | Reached XP level 1. HP: 14/14 MP: 3/3
   327 | D:1      | Found a shattered altar of Ashenzari.
   387 | D:1      | Reached XP level 2. HP: 20/20 MP: 0/5
  1163 | D:1      | Learned a level 2 spell: Searing Ray
  1178 | D:1      | Reached XP level 3. HP: 26/26 MP: 0/7
  1942 | D:2      | Reached XP level 4. HP: 33/33 MP: 1/10
  1948 | D:2      | Learned a level 4 spell: Iskenderun's Mystic Blast
  2547 | D:3      | Reached skill level 1 in Translocations
  2632 | D:3      | Noticed an ogre
  3244 | D:3      | Killed an ogre
  3244 | D:3      | Reached XP level 5. HP: 18/38 MP: 3/11
  3562 | D:3      | Found a sacrificial altar of Ru.
  3911 | D:4      | Reached XP level 6. HP: 45/45 MP: 4/12
  4281 | D:4      | Reached skill level 5 in Conjurations
  4979 | D:5      | Entered Level 5 of the Dungeon
  5050 | D:5      | Your scales start taking on a glossy black colour.
  5050 | D:5      | Reached XP level 7. HP: 50/50 MP: 3/13
  5050 | D:5      | Gained mutation: You are resistant to electric shocks.
                  | (rElec) [Black Draconian growth]
  5143 | D:5      | Reached skill level 5 in Translocations
  5299 | D:5      | Found a shattered altar of Ashenzari.
  5299 | D:5      | Found a shadowy altar of Dithmenos.
  5300 | D:5      | Found a white marble altar of Elyvilon.
  5391 | D:5      | Found a stormy altar of Qazlal.
  5406 | D:5      | Found a shimmering blue altar of Sif Muna.
  5602 | D:5      | Found a burning altar of Makhleb.
  6098 | D:5      | Found a sparkling altar of Nemelex Xobeh.
  6778 | D:7      | Reached XP level 8. HP: 57/57 MP: 9/14
  6822 | D:7      | Noticed a hippogriff
  6843 | D:7      | Killed a hippogriff
  7096 | D:7      | Found a staircase to the Ecumenical Temple.
  7151 | Temple   | Entered the Ecumenical Temple
  7279 | Temple   | Became a worshipper of Vehumet
  9096 | D:6      | Found a glowing golden altar of the Shining One.
  9099 | D:6      | Noticed an angel
  9153 | D:6      | Found a basalt altar of Yredelemnul.
  9183 | D:6      | Noticed a profane servitor
  9367 | D:8      | Reached XP level 9. HP: 53/62 MP: 8/15
  9572 | D:8      | Reached skill level 1 in Fighting
  9923 | D:8      | Noticed a centaur warrior
  9931 | D:8      | Killed a centaur warrior
 10117 | D:8      | Found a large runed translucent door.
 10117 | D:8      | Found a large runed translucent door.
 10120 | D:8      | Noticed growler's ghost (novice MfTm)
 10375 | D:8      | Found a bloodstained altar of Trog.
 10376 | D:8      | Found an iron altar of Okawaru.
 10616 | D:9      | Learned a level 5 spell: Metabolic Englaciation
 10754 | D:9      | Reached skill level 1 in Ice Magic
 10853 | D:9      | Noticed Prince Ribbit
 10858 | D:9      | Killed Prince Ribbit
 10858 | D:9      | Reached skill level 1 in Hexes
 10921 | D:9      | Reached XP level 10. HP: 86/88 MP: 11/16
 12092 | D:10     | Entered Level 10 of the Dungeon
 12096 | D:10     | Reached * piety under Vehumet
 12096 | D:10     | Offered knowledge of Foxfire by Vehumet.
 12160 | D:10     | Learned a level 3 spell: Frozen Ramparts
 12290 | D:10     | Noticed a gargoyle
 12301 | D:10     | Killed a gargoyle
 12613 | D:10     | Reached skill level 5 in Ice Magic
 13177 | D:10     | Noticed Nergalle
 13190 | D:10     | Found a staircase to the Orcish Mines.
 13547 | D:10     | Reached skill level 5 in Spellcasting
 14410 | D:11     | Noticed an eight-headed hydra
 14415 | D:11     | Killed an eight-headed hydra
 14612 | D:11     | Reached ** piety under Vehumet
 14612 | D:11     | Offered knowledge of Sandblast by Vehumet.
 14817 | D:11     | Reached XP level 11. HP: 88/94 MP: 4/19
 14824 | D:11     | Learned a level 4 spell: Hailstorm
 14838 | D:11     | Reached skill level 5 in Hexes
 15036 | D:11     | Noticed a two-headed ogre
 15045 | D:11     | Killed a two-headed ogre
 15249 | D:11     | Found Qyuppu's Food Emporium.
 15303 | D:11     | Found a staircase to the Lair.
 15341 | D:11     | Noticed a death knight
 15341 | D:11     | Noticed a phantasmal warrior
 15352 | D:11     | Mangled by a phantasmal warrior

Illustrated notes

Levels and vault maps discovered:
D:1:      dpeg_arrival_arbitrary_b, layout_basic, ashenzari_altar_1
D:2:      layout_basic
D:3:      layout_loops_ring, hangedman_ru_absence
D:4:      layout_loops_ring
D:5:      layout_basic, nicolae_overflow_quartered_altars, old_standard_altar,
          lemuel_round_altar, first_ration, nemelex_lonely_heart_becter
D:6:      layout_loops_ring, grunt_temple_overflow_holy_war
D:7:      wander_river, layout_basic, minmay_temple_entry_gardened_gates,
          lightli_bailey_entry_fortress
D:8:      layout_cave_pools, grunt_temple_overflow_bloody_war, serial_park,
          serial_park_tiny_1, ebering_ghost_disaster_area, dk_noncrumbling_4,
          kennysheep_crisscross, the_bakery, minmay_small_thing
D:9:      wad_river_or_something, layout_basic, uniq_prince_ribbit1
D:10:     layout_roguey, erik_orc_2, uniq_nergalle
D:11:     layout_stronghold, grunt_lair_entry_orc_guard_hut, serial_shops, shop,
          shop_statue, nicolae_shop_waterfront, kennysheep_mini_moat,
          nicolae_shop_stone, minivault_16
Temple:   minmay_temple_forest_path

Skill      XL: |  1  2  3  4  5  6  7  8  9 10 11 |
---------------+----------------------------------+-----
Spellcasting   | 3 4 5 6 |  6.4
Translocations | 2 3 4 6 8 |  8.1
Conjurations   | 5 6 8 |  8.5
Fighting       | 8 |  8.2
Ice Magic      | 2 6 7 |  7.1
Hexes          | 1 4 5 |  5.3
Dodging        | |  1.7
Stealth        | |  1.7

Action                   |  1- 3 |  4- 6 |  7- 9 | 10-12 || total
-------------------------+-------+-------+-------+-------++-------
Melee: Unarmed           |    35 |       |    10 |       ||    45
       Tailslap          |     3 |       |     4 |     8 ||    15
       Quarterstaff      |       |       |    26 |    67 ||    93
 Cast: Magic Dart        |    64 |    47 |    62 |    61 ||   234
       Searing Ray       |    10 |    37 |    78 |    65 ||   190
       Iskenderun's Myst |       |     3 |     8 |    21 ||    32
       Frozen Ramparts   |       |       |       |    14 ||    14
       Metabolic Englaci |       |       |       |     1 ||     1
       Hailstorm         |       |       |       |     3 ||     3
 Abil: Breathe Lightning |       |       |     1 |     2 ||     3
Evoke: Wand              |       |       |       |     1 ||     1
  Use: Scroll            |     3 |     8 |    11 |     2 ||    24
       Potion            |       |     1 |     1 |     6 ||     8
  Eat: Chunk             |     4 |    11 |    16 |    13 ||    44
       Ration            |       |       |     1 |     2 ||     3
Armor: Skin              |    16 |     7 |    35 |   108 ||   166
Dodge: Dodged            |    43 |    17 |    56 |    94 ||   210
       Repelled          |       |       |       |    18 ||    18
Block: Other             |       |     4 |    21 |    54 ||    79
       Reflection        |       |       |       |     6 ||     6
